 Dungeon Crawl Stone Soup version 0.24-a0-630-g0d56a851f4 (webtiles) character file.

Game seed: 7463709610978584688, levelgen mode: deterministic

114894 Ijustatesigmund the Severer (level 16, -1/149 HPs)
             Began as a Minotaur Monk on Sept 18, 2019.
             Was the Champion of Cheibriados.
             Slain by a stone giant (28 damage)
             ... on level 1 of the Depths on Sept 19, 2019.
             The game lasted 01:06:36 (25592 turns).

Ijustatesigmund the Severer (Minotaur Monk)        Turns: 25592, Time: 01:06:36

Health: -1/149     AC: 14    Str: 34    XL:     16   Next: 17%
Magic:  21/25      EV: 19    Int: 27    God:    Cheibriados [******]
Gold:   427        SH: 25    Dex: 30    Spells: 15/15 levels left

rFire    + . .     SeeInvis .   a - +5 broad axe (venom)
rCold    . . .     Gourm    .   K - +2 large shield
rNeg     + . .     Faith    .   b - +5 ring mail of Divine Compulsion {Str+4}
rPois    +         Spirit   .   (helmet restricted)
rElec    +         Reflect  .   h - scarf {repulsion}
rCorr    .         Harm     .   (no gloves)
MR       .....                  R - +1 pair of boots
Stlth    +++.......             U - macabre finger necklace {rN+}
HPRegen  0.34/turn              S - ring "Plog" {Int+3 Dex-4 Slay+2 Stlth+}
MPRegen  0.19/turn              I - +3 ring of evasion
                                P - ring "Itun" {+Fly rElec rPois rF+ MR-}

@: about to teleport, studying Staves, repel missiles, very slow
A: retaliatory headbutt, hooves 1, horns 2, sturdy frame 1
a: Bend Time, Temporal Distortion, Slouch, Step From Time, Renounce Religion,
Evoke Flight


You were on level 1 of the Depths.
You worshipped Cheibriados.
Cheibriados was exalted by your worship.
You were not hungry.

You visited 5 branches of the dungeon, and saw 25 of its levels.
You also visited: Gauntlet.

You collected 2717 gold pieces.
You spent 2290 gold pieces at shops.

Inventory:

Hand Weapons
 a - a +5 broad axe of venom (weapon)
 u - a +2 hand axe of flaming
 M - a +1 hand crossbow of freezing
 O - the +10 mace of Peril {drain, rN+ MR+ Int-3 Dex+3}
   (You found it on level 4 of the Lair of Beasts)

   A truly terrible weapon, it drains the life of those it strikes.
   It affects your intelligence (-3).
   It affects your dexterity (+3).
   It protects you from negative energy.
   It affects your resistance to hostile enchantments.
Missiles
 l - 95 poisoned darts
 V - 16 silver javelins (quivered)
Armour
 b - the +5 ring mail of Divine Compulsion (worn) {Str+4}
   (You found it on level 1 of the Lair of Beasts)

   It affects your strength (+4).
 h - a scarf of repulsion (worn)
 i - a +1 buckler
 K - a +2 large shield (worn)
 R - a +1 pair of boots (worn)
 Y - +0 fire dragon scales
Jewellery
 m - an uncursed ring of see invisible
 z - an uncursed ring of flight
 D - an uncursed ring of protection from cold
 I - a +3 ring of evasion (right hand)
 J - an uncursed ring of ice
 P - the ring "Itun" (on amulet) {+Fly rElec rPois rF+ MR-}
   (You bought it in a shop on level 1 of the Depths)

   [ring of protection from fire]

   It protects you from fire.
   It insulates you from electricity.
   It protects you from poison.
   It affects your resistance to hostile enchantments.
   It lets you fly.
 Q - a +4 amulet of reflection
 S - the ring "Plog" (left hand) {Int+3 Dex-4 Slay+2 Stlth+}
   (You found it in a Gauntlet)

   [ring of stealth]

   It affects your intelligence (+3).
   It affects your dexterity (-4).
   It affects your accuracy and damage with ranged weapons and melee attacks
   (+2).
   It makes you more stealthy.
 U - the macabre finger necklace (around neck) {rN+}
   (You bought it in a shop on level 1 of the Depths)

   [amulet of nothing]

   It protects you from negative energy.
Wands
 x - a wand of digging (2)
 y - a wand of iceblast (12)
 F - a wand of disintegration (11)
 H - a wand of polymorph (10)
 L - a wand of flame (23)
 N - a wand of paralysis (17)
 T - a wand of acid (4)
 W - a wand of enslavement (14)
Scrolls
 d - 9 scrolls of remove curse
 j - 17 scrolls of teleportation
 n - 9 scrolls of amnesia
 q - 3 scrolls of blinking
 w - 4 scrolls of fog
 A - 8 scrolls of fear
 B - 2 scrolls of identify
 C - 7 scrolls of magic mapping
 E - 2 scrolls of immolation
 Z - a scroll of enchant armour
Potions
 e - 12 potions of curing
 f - 3 potions of lignification
 g - 3 potions of mutation
 o - 4 potions of agility
 p - 3 potions of flight
 s - a potion of ambrosia
 t - 6 potions of brilliance
 v - 3 potions of invisibility
 G - a potion of might
Books
 r - a manual of Staves
Comestibles
 c - 46 rations


   Skills:
 - Level 15.1 Fighting
 + Level 17.7 Axes
 - Level 4.5 Throwing
 - Level 10.0 Armour
 - Level 6.8 Dodging
 - Level 1.5 Stealth
 - Level 12.9 Shields
 - Level 13.4 Invocations
 - Level 6.6 Evocations


You had 15 spell levels left.
You didn't know any spells.
Your spell library contained the following spells:

 Spells                   Type           Power        Failure   Level  Hunger
 Sandblast                Erth           #.....       54%         1    ##.....
 Passwall                 Tmut/Erth      #.......     67%         2    ###....
 Stone Arrow              Conj/Erth      #.....       88%         3    ####...
 Petrify                  Tmut/Erth      #.......     99%         4    #####..
 Bolt of Magma            Conj/Fire/Erth #.........   100%        5    ######.
 Iskenderun's Battlesphe  Conj/Chrm      #.......     100%        5    ######.
 Lee's Rapid Deconstruct  Erth           #.........   100%        5    ######.
 Venom Bolt               Conj/Pois      #.........   100%        5    ######.
 Iron Shot                Conj/Erth      #.........   100%        6    #######
 Orb of Destruction       Conj           #.........   100%        7    #######
 Spellforged Servitor     Conj/Summ      #.........   100%        7    #######


Dungeon Overview and Level Annotations

Branches:
Dungeon (15/15)            Temple (1/1) D:5            Lair (6/6) D:10
 Shoals (0/4) Lair:4       Spider (0/4) Lair:2        Slime (0/5) Lair:6
    Orc (2/2) D:11            Elf (0/3) Orc:2        Vaults (0/5) D:14
 Depths (1/5) D:15        Gauntlet (visited)

Altars:
Ashenzari
Cheibriados
Dithmenos
Elyvilon
Fedhas
Gozag
Hepliaklqana
Kikubaaqudgha
Makhleb
Nemelex Xobeh
Okawaru
Qazlal
Ru
Sif Muna
Trog
Uskayaw
Vehumet
Wu Jian
Xom
Yredelemnul
Zin
The Shining One

Shops:
D:8 (   Orc:1 [   Orc:2 (!:?   Depths:1 =}=

Portals:
Pandemonium: Depths:1


Innate Abilities, Weirdness & Mutations

You reflexively headbutt those who attack you in melee.
You have a pair of horns on your head.
You have large cloven feet.
Your movements are slightly less encumbered by armour. (ER -2)


Message History

The hippogriff changes into a spiny frog!
The spiny frog changes into a soldier ant!
You block the deep troll earth mage's attack. x2
The deep troll earth mage misses you. The deep troll earth mage bites you.
* * * LOW HITPOINT WARNING * * *
The deep troll earth mage completely misses you.
You block the deep troll earth mage's attack.
You block the stone giant's attack.
Things that are here:
+0 ice dragon scales; 4 large rocks; an ice dragon corpse You slice the deep troll earth mage!!
The deep troll earth mage is heavily wounded.
You slice the stone giant like a ripe choko!!!
The stone giant looks as sick as possible!
The soldier ant changes into a human!
The deep troll earth mage casts a spell past you.
The wall shatters!
The blast of rock fragments hits you!
* * * LOW HITPOINT WARNING * * *
The stone giant hits you!!
You die...

*****,,,,,,,* *,,,,,≈≈,,,
*,,,,,,,,,,,* *,,,,,≈≈,,,
*,,,,,,,,##**### *,,,,,,,,,,
*,,,,,,,,,..,..# *,,,≈,,,,≈,
*,,,,,,,,**.##.# *,,,,,,,,,,
*....>.,,* .#.# #,,,,,,,,,,
♣♣♣**.....,,* #..###.#..,,,,**,,
..♣♣*#...#######.C.....#***,***,,
∩..♣♣#...#..(...@T....# *,,,,,,
..∩.♣#...#.###.###.p#.# ****,,,
⌠..P♣#...#.'..........#*******,,,
..PP♣#...#.#.######.#....,,,,,,**
∩♣♣♣♣#........3u###.#,...*******
.# ##.....#∩3uT'...#,*## .#
#......#.2..'...#,*********
.#####.....#....###.#,,,,,,,,,***
.............######.#,*******,,,,


You could see a stone giant, a deep troll earth mage and a human shaped shifter.

Vanquished Creatures
  Jorgrun (D:15)
  Kirke (D:11)
  The ghost of Gargoyl the Corrupter of Planes, an adept CeAK of Lugonu (Orc:2)
  An orc warlord (Orc:1)
  2 stone giants (Depths:1)
  The ghost of Ceus the Markscentaur, a journeyman CeHu of Okawaru (Orc:1)
  A very ugly thing (Depths:1)
  A minotaur (Gauntlet)
  A dire elephant (D:15)
  Josephine (D:13)
  A blizzard demon (Gauntlet)
  A fire dragon (Depths:1)
  An ettin (Depths:1)
  Harold (D:7)
  An ice dragon (Depths:1)
  A great orb of eyes (Depths:1)
  6 hydras
  2 shambling mangroves (Lair:1)
  2 centaur warriors
  3 catoblepae (Lair:6)
  An ogre mage (Orc:1)
  A dancing weapon (Orc:2)
  6 two-headed ogres
  4 tengu warriors
  3 orc high priests
  A deep troll earth mage (Depths:1)
  11 death yaks
  A soul eater (Depths:1)
  A deep elf knight (Orc:1)
  A shadow demon (Depths:1)
  2 unseen horrors
  2 orc knights
  A necromancer (D:14)
  6 cyclopes
  A deep elf mage (Orc:1)
  15 ugly things
  11 elephants
  A wolf spider (D:15)
  6 orc sorcerers
  A salamander (D:15)
  5 manticores
  3 black mambas
  9 spiny frogs
  4 gargoyles
  An efreet (D:15)
  10 komodo dragons
  3 kobold demonologists
  An ice devil (Gauntlet)
  2 redback zombies (D:14)
  A red devil (Depths:1)
  2 polar bears
  A hellwing (Depths:1)
  10 trolls
  A queen bee (D:10)
  Prince Ribbit (D:5)
  7 hornets
  4 slime creatures (Depths:1)
  15 blink frogs
  A raiju (Gauntlet)
  A hornet (shapeshifter) (Depths:1)
  6 dream sheep (Lair:5)
  13 hippogriffs
  A meliai zombie (D:14)
  A tarantella (Lair:2)
  A spriggan (D:9)
  4 wraiths (D:13)
  4 shadows
  2 wyverns
  A vampire (D:14)
  Eustachio (D:6)
  9 basilisks
  46 yaks
  A hog (D:11)
  A water elemental (D:14)
  7 vampire mosquitoes
  A steam dragon (Gauntlet)
  2 neqoxecs (Depths:1)
  6 hungry ghosts
  Menkaure (D:5)
  2 wargs (Orc:1)
  8 porcupines
  An acid dragon (D:14)
  12 water moccasins
  4 sky beasts
  Duvessa (D:6)
  4 ice beasts
  25 orc warriors
  2 phantoms
  3 black bears
  A necrophage (D:7)
  5 wolves (Lair:5)
  14 ogres
  8 centaurs
  15 crocodiles
  14 big kobolds
  15 bullfrogs
  A gnoll sergeant (D:7)
  Dowan (D:6)
  A wyvern skeleton (D:15)
  3 scorpions
  34 killer bees
  3 wights (D:10)
  3 electric eels
  2 centaur zombies
  A lava snake (Lair:4)
  11 crimson imps
  3 quasits
  2 hounds
  33 orc priests
  2 centaur skeletons
  19 jellies
  Crazy Yiuf (D:6)
  29 orc wizards
  3 bullfrog skeletons
  2 iron imps (Depths:1)
  7 iguanas
  5 worker ants
  A worker ant zombie (D:6)
  5 gnolls (D:8)
  2 howler monkey skeletons
  10 adders
  5 shadow imps
  4 white imps
  5 worms
  3 dart slugs
  8 leopard geckos
  100 orcs
  A ball python (D:1)
  6 giant cockroaches
  15 goblins
  14 hobgoblins
  13 jackals
  39 kobolds
  6 quokkas
  4 bats
  6 frilled lizards
  A leopard gecko skeleton (D:6)
  A leopard gecko zombie (D:7)
  A quokka skeleton (D:5)
  4 rats
  2 fungi
  6 plants
858 creatures vanquished.

Vanquished Creatures (others)
  A deep elf mage (Orc:1)
  An ogre (Orc:1)
  An orc wizard (D:3)
  5 fungi (Lair:5)
  15 plants
23 creatures vanquished.

Grand Total: 881 creatures vanquished

Notes
Turn   | Place    | Note
-------+----------+-------------------------------------------
     0 | D:1      | Ijustatesigmund the Minotaur Monk began the quest for the
                  | Orb.
     0 | D:1      | Reached XP level 1. HP: 19/19 MP: 0/0
    19 | D:1      | Reached skill level 4 in Axes
   108 | D:1      | Reached XP level 2. HP: 24/26 MP: 1/1
   586 | D:1      | Reached skill level 1 in Shields
   793 | D:2      | Reached XP level 3. HP: 31/31 MP: 2/2
   798 | D:2      | Found a shattered altar of Ashenzari.
   853 | D:2      | Reached skill level 5 in Axes
  1124 | D:2      | Reached XP level 4. HP: 35/39 MP: 3/3
  1234 | D:2      | Found an ornate altar of the Wu Jian Council.
  1358 | D:2      | Found a shimmering altar of Xom.
  1615 | D:3      | Reached XP level 5. HP: 28/45 MP: 4/4
  1764 | D:3      | Reached skill level 6 in Axes
  1768 | D:3      | Found an opulent altar of Gozag.
  2044 | D:3      | Found a bloodstained altar of Trog.
  2064 | D:3      | Reached skill level 1 in Armour
  2387 | D:3      | Found a burning altar of Makhleb.
  2418 | D:3      | Found a basalt altar of Yredelemnul.
  2567 | D:4      | Noticed an ogre
  2580 | D:4      | Killed an ogre
  2580 | D:4      | Reached XP level 6. HP: 47/51 MP: 5/5
  2780 | D:4      | Gained mutation: Your movements are slightly less
                  | encumbered by armour. (ER -2) [potion of mutation]
  2780 | D:4      | Gained mutation: You have large cloven feet. [potion of
                  | mutation]
  2803 | D:4      | Reached skill level 7 in Axes
  3088 | D:5      | Entered Level 5 of the Dungeon
  3102 | D:5      | Noticed Prince Ribbit
  3224 | D:5      | Noticed Menkaure
  3233 | D:5      | Killed Menkaure
  3233 | D:5      | Reached XP level 7. HP: 52/60 MP: 6/6
  3343 | D:5      | Reached skill level 5 in Fighting
  3352 | D:5      | Found a staircase to the Ecumenical Temple.
  3361 | Temple   | Entered the Ecumenical Temple
  3485 | Temple   | Became a worshipper of Cheibriados the Contemplative
  3485 | Temple   | Reached * piety under Cheibriados
  3485 | Temple   | Reached ** piety under Cheibriados
  3520 | D:5      | Found a shadowy altar of Dithmenos.
  3523 | D:5      | Found an iron altar of Okawaru.
  3526 | D:5      | Found a white marble altar of Elyvilon.
  3623 | D:5      | Killed Prince Ribbit
  3623 | D:5      | Reached skill level 8 in Axes
  3623 | D:5      | Reached skill level 5 in Armour
  3623 | D:5      | Reached skill level 1 in Invocations
  3623 | D:5      | Reached XP level 8. HP: 47/69 MP: 6/8
  4131 | D:5      | Noticed a hippogriff
  4136 | D:5      | Killed a hippogriff
  4136 | D:5      | Reached skill level 9 in Axes
  4147 | D:5      | Reached *** piety under Cheibriados
  4255 | D:6      | Reached XP level 9. HP: 67/79 MP: 10/10
  4388 | D:6      | Noticed Dowan
  4389 | D:6      | Noticed Duvessa
  4396 | D:6      | Killed Duvessa
  4405 | D:6      | Killed Dowan
  4463 | D:6      | Noticed Eustachio
  4469 | D:6      | Killed Eustachio
  4651 | D:6      | Found a runed translucent door.
  4652 | D:6      | Noticed Crazy Yiuf
  4656 | D:6      | Killed Crazy Yiuf
  4998 | D:7      | Found a blossoming altar of Fedhas.
  5038 | D:8      | Reached **** piety under Cheibriados
  5154 | D:7      | Reached skill level 5 in Invocations
  5186 | D:7      | Noticed Harold
  5208 | D:7      | Killed Harold
  5208 | D:7      | Reached skill level 10 in Axes
  5493 | D:7      | Reached XP level 10. HP: 90/90 MP: 13/13
  5754 | D:8      | Noticed a two-headed ogre
  5763 | D:8      | Killed a two-headed ogre
  6073 | D:8      | Reached skill level 5 in Shields
  6097 | D:8      | Found a glowing golden altar of the Shining One.
  6187 | D:8      | Reached ***** piety under Cheibriados
  6193 | D:8      | Reached skill level 5 in Dodging
  6580 | D:8      | Noticed an orange demon
  6585 | D:8      | Noticed a rust devil
  6732 | D:8      | Found Tuwos's Antique Weapon Emporium.
  6790 | D:8      | Found an ancient bone altar of Kikubaaqudgha.
  7881 | D:9      | Found a hazy altar of Hepliaklqana.
  8008 | D:10     | Entered Level 10 of the Dungeon
  8042 | D:10     | Found a staircase to the Lair.
  8226 | D:10     | Reached XP level 11. HP: 95/95 MP: 15/15
  8226 | D:10     | Reached ****** piety under Cheibriados
  8318 | D:10     | Reached skill level 1 in Throwing
  8462 | D:10     | Noticed a tengu warrior
  8462 | D:10     | Noticed a tengu warrior
  8484 | D:10     | Killed a tengu warrior
  8488 | D:10     | Killed a tengu warrior
  8488 | D:10     | Reached skill level 11 in Axes
  9030 | D:11     | Found a staircase to the Orcish Mines.
  9108 | D:11     | Noticed an unseen horror
  9109 | D:11     | Killed an unseen horror
  9109 | D:11     | Reached skill level 10 in Fighting
  9499 | D:12     | Noticed an orc knight
  9509 | D:12     | HP: 3/99 [orc knight/+0 halberd (26)]
  9783 | D:11     | Killed an orc knight
  9959 | D:12     | Noticed an unseen horror
  9969 | D:12     | Killed an unseen horror
 10041 | D:12     | Reached XP level 12. HP: 98/107 MP: 18/18
 10360 | D:12     | Noticed Kirke
 10381 | D:11     | Killed Kirke
 10381 | D:11     | Reached skill level 12 in Axes
 10691 | D:13     | Noticed a centaur warrior
 10698 | D:13     | Killed a centaur warrior
 10864 | D:13     | Noticed Josephine
 10871 | D:13     | Killed Josephine
 11177 | D:13     | Reached skill level 10 in Invocations
 11620 | D:13     | Noticed an eight-headed hydra
 11628 | D:13     | Killed a six-headed hydra
 11628 | D:13     | Reached skill level 10 in Armour
 11664 | D:14     | Upgraded the game from 0.24-a0-619-gb7544fd237 to
                  | 0.24-a0-630-g0d56a851f4
 11802 | Lair:1   | Entered Level 1 of the Lair of Beasts
 12121 | Lair:1   | Identified a scroll of acquirement
 12147 | Lair:1   | Got a jewelled ring mail
 12153 | Lair:1   | Identified the +5 ring mail of Divine Compulsion {Str+4}
                  | (You found it on level 1 of the Lair of Beasts)
 12198 | Lair:1   | Noticed a shambling mangrove
 12198 | Lair:1   | an oklob plant changed into a shambling mangrove
 12210 | Lair:1   | Reached skill level 13 in Axes
 12212 | Lair:1   | Killed a shambling mangrove
 12521 | Lair:1   | Noticed a shambling mangrove
 12521 | Lair:1   | an oklob plant changed into a shambling mangrove
 12534 | Lair:1   | Killed a shambling mangrove
 12534 | Lair:1   | Reached XP level 13. HP: 90/118 MP: 15/20
 12538 | Lair:1   | Paralysed by a hornet for 1 turns
 13482 | Lair:2   | Found a hole to the Spider Nest.
 15406 | Lair:4   | Got a smoking mace
 15407 | Lair:4   | Identified the +10 mace of Peril {drain, rN+ MR+ Int-3
                  | Dex+3} (You found it on level 4 of the Lair of Beasts)
 15444 | Lair:4   | Found a staircase to the Shoals.
 16004 | Lair:5   | Found a gate leading to a gauntlet.
 16013 | Gauntlet | Entered a Gauntlet
 16013 | Gauntlet | Found a transporter.
 16013 | Gauntlet | Found a transporter.
 16018 | Gauntlet | Found a transporter.
 16021 | Gauntlet | Found a transporter.
 16021 | Gauntlet | Found a transporter.
 16052 | Gauntlet | Found a transporter.
 16053 | Gauntlet | Found a transporter.
 16060 | Gauntlet | Found a runed translucent door.
 16063 | Gauntlet | Found a transporter.
 16075 | Gauntlet | Noticed a blizzard demon
 16077 | Gauntlet | Found a runed translucent gate.
 16078 | Gauntlet | Found a transporter.
 16078 | Gauntlet | Found a runed translucent gate.
 16079 | Gauntlet | Found a runed translucent gate.
 16093 | Gauntlet | Found a transporter.
 16097 | Gauntlet | Found a transporter.
 16101 | Gauntlet | Found a runed translucent door.
 16101 | Gauntlet | Found a runed translucent door.
 16109 | Gauntlet | Found a transporter.
 16144 | Gauntlet | Got a flickering brass ring
 16155 | Gauntlet | Identified the ring "Plog" {Int+3 Dex-4 Slay+2 Stlth+} (You
                  | found it in a Gauntlet)
 16217 | Gauntlet | Reached skill level 10 in Shields
 16223 | Gauntlet | Killed a blizzard demon
 16223 | Gauntlet | Reached skill level 14 in Axes
 16358 | Gauntlet | Noticed a minotaur
 16374 | Gauntlet | Killed a minotaur
 16506 | Gauntlet | Got a vibrating tin amulet
 16507 | Gauntlet | Identified the amulet "Lovah" {Spirit Dex+3} (You found it
                  | in a Gauntlet)
 16943 | Lair:5   | Reached XP level 14. HP: 121/129 MP: 21/21
 17572 | Lair:6   | Entered Level 6 of the Lair of Beasts
 17984 | Lair:6   | Found a staircase to the Slime Pits.
 18436 | Lair:6   | Reached skill level 15 in Axes
 19278 | Orc:1    | Entered Level 1 of the Orcish Mines
 19284 | Orc:1    | Found Ocoenuas's Armour Shoppe.
 19369 | Orc:1    | Bought a scarf of repulsion for 168 gold pieces
 19415 | Orc:1    | Found a runed translucent door.
 19415 | Orc:1    | Noticed Ceus's ghost (journeyman CeHu)
 19433 | Orc:1    | Killed Ceus's ghost
 19652 | Orc:2    | Entered Level 2 of the Orcish Mines
 19788 | Orc:1    | Noticed an orc warlord
 19793 | Orc:1    | Reached XP level 15. HP: 105/139 MP: 17/23
 19815 | Orc:1    | Killed an orc warlord
 20151 | Orc:2    | Found a runed translucent door.
 20151 | Orc:2    | Found a shimmering altar of Xom.
 20151 | Orc:2    | Noticed Gargoyl's ghost (adept CeAK)
 20282 | Orc:2    | Killed Gargoyl's ghost
 20595 | Orc:2    | Reached skill level 15 in Fighting
 20730 | Orc:2    | Found Poblavuu's Distillery.
 20730 | Orc:2    | Found Secodgh's Magic Scroll Shop.
 20730 | Orc:2    | Found Regomoyt's Book Shop.
 20748 | Orc:2    | Found Xujaup's Weapon Boutique.
 20768 | Orc:2    | Bought a scroll of enchant weapon for 97 gold pieces
 20768 | Orc:2    | Bought a scroll of teleportation for 39 gold pieces
 20768 | Orc:2    | Bought a scroll of fear for 45 gold pieces
 20768 | Orc:2    | Bought a scroll of identify for 26 gold pieces
 20768 | Orc:2    | Bought a scroll of identify for 26 gold pieces
 20781 | Orc:2    | Bought a scroll of identify for 26 gold pieces
 20781 | Orc:2    | Bought a scroll of identify for 26 gold pieces
 20814 | Orc:2    | Found a staircase to the Elven Halls.
 21910 | D:14     | Reached skill level 16 in Axes
 22056 | D:14     | Reached skill level 1 in Evocations
 22389 | D:14     | Found a gate to the Vaults.
 22928 | D:15     | Entered Level 15 of the Dungeon
 22948 | D:15     | Reached skill level 5 in Evocations
 23858 | D:15     | Noticed Jorgrun
 24371 | D:15     | Killed Jorgrun
 24631 | D:15     | Found a staircase to the Depths.
 24926 | Depths:1 | Entered Level 1 of the Depths
 24952 | Depths:1 | Found Hidiul's Jewellery Emporium.
 24952 | Depths:1 | Found Yloimex's Gadget Shop.
 24953 | Depths:1 | Found Evveetel's Jewellery Emporium.
 24963 | Depths:1 | Bought the ring "Itun" {+Fly rElec rPois rF+ MR-} for 698
                  | gold pieces
 24965 | Depths:1 | Bought a +4 amulet of reflection for 459 gold pieces
 24965 | Depths:1 | Bought the macabre finger necklace {rN+} for 680 gold
                  | pieces
 24965 | Depths:1 | Found the macabre finger necklace {rN+}
 25011 | Depths:1 | Reached XP level 16. HP: 136/149 MP: 25/25
 25014 | Depths:1 | Reached skill level 17 in Axes
 25168 | Depths:1 | Found a one-way gate leading to the halls of Pandemonium.
 25592 | Depths:1 | Slain by a stone giant

Levels and vault maps discovered:
D:1:      minmay_arrival_three_doors, layout_loops_ring
D:2:      layout_rooms, lemuel_round_altar, old_standard_altar,
          marbit_many_paths, first_ration
D:3:      layout_loops_corners, nicolae_gozag_seed_capital, old_standard_altar,
          nicolae_overflow_crystal_walls, lemuel_doored_altar
D:4:      layout_rooms
D:5:      layout_basic, grunt_temple_overflow_diamond,
          minmay_temple_entry_sparse_star, minmay_joined_circles,
          uniq_prince_ribbit1, uniq_menkaure
D:6:      layout_basic, st_stairs_11, hangedman_abyss_or_decor_jellyfish_corner,
          minmay_liquid_box, nrook_mini_backslash, minmay_manual_mess,
          uniq_eustachio, uniq_duvessa, uniq_crazy_yiuf_cottage
D:7:      layout_basic, fedhas_ov_isle_minmay, uniq_harold
D:8:      layout_basic, overflow_temple_1_default, kiku_gazebo_pond_becter,
          serial_shops, shop_statue, special_room [special_room_kobold],
          kennysheep_generic_room_14
D:9:      layout_roguey, old_standard_altar, the_bakery
D:10:     layout_roguey [special_room_bee], lair_entry_dummy
D:11:     layout_rooms, david_orc_3
D:12:     layout_grid_maze, uniq_kirke
D:13:     layout_stronghold, chequers_serial_rivers_micro_a, uniq_josephine
D:14:     layout_roguey [special_room_orc], david_vaults_1, nrook_pool_corridor,
          statue_in_the_mist_lemuel, chequers_big_river
D:15:     hangedman_depths_entry_try_elsewhere_first, layout_layer_cave,
          hangedman_abyss_or_decor_stabs, serial_bayou_ford_a, uniq_jorgrun
Temple:   nicolae_temple_figure_zero
Lair:1:   layout_gridlike, chequers_serial_rivers_small_3,
          minmay_lair_oklob_chamber, grunt_megastairs_3
Lair:2:   layout_cave_pods, spider_nest_entry_rubble
Lair:3:   layout_gridlike, beast_lair_carwin_11, lemuel_fruit_tree
Lair:4:   layout_gridlike, shoals_dummy_entry, grunt_forest_large_clearing_hut,
          grunt_megastairs_2
Lair:5:   layout_cave_pods, gauntlet_entry_generic, st_stairs_5,
          kennysheep_basilisk_garden
Lair:6:   evilmike_catoblepas_cave, layout_gridlike,
          minmay_slime_entry_jelly_boxes, serial_bayou, serial_bayou_crossing,
          serial_bayou_pond_a, serial_bayou_pond_e, serial_bayou_pond_d
Orc:1:    layout_diamond_mine, serial_shops, shop, gammafunk_ghost_grave,
          elf_legates
Orc:2:    st_orc_mages, layout_diamond_mine, ebering_ghost_xom,
          nicolae_orc_lava_tube
Depths:1: layout_basic, grunt_pan_entry_in_and_out, hell_entry,
          skrybe_limestone_x, onia_ninara_cookie, minmay_shop_grove,
          firewood_loft

Skill      XL: |  1  2  3  4  5  6  7  8  9 10 11 12 13 14 15 16 |
---------------+-------------------------------------------------+-----
Axes           | 4 5 6 7 8 9 10 11 13 14 15 16 17 | 17.7
Shields        | 1 2 3 7 8 10 12 | 12.9
Armour         | 2 4 5 6 8 10 | 10.0
Fighting       | 4 5 7 8 10 12 13 14 15 | 15.1
Invocations    | 1 3 5 7 9 10 11 13 | 13.4
Dodging        | 6 |  6.8
Throwing       | 4 |  4.5
Evocations     | 6 |  6.6
Stealth        | |  1.5

Action                   |  1- 3 |  4- 6 |  7- 9 | 10-12 | 13-15 | 16-18 || total
-------------------------+-------+-------+-------+-------+-------+-------++-------
Melee: Hand axe          |    95 |   217 |   193 |   443 |    20 |       ||   968
       Headbutt          |     9 |    37 |    77 |   171 |   316 |    32 ||   642
       Kick              |       |    15 |    94 |   277 |    68 |       ||   454
       Broad axe         |       |       |       |    23 |   801 |    70 ||   894
Throw: Dart              |       |     7 |     4 |    17 |     1 |       ||    29
       Javelin           |       |       |       |       |    20 |       ||    20
Invok: Slouch            |       |       |       |     5 |     3 |     2 ||    10
       Bend Time         |       |       |       |     1 |     1 |       ||     2
       Temporal Distorti |       |       |       |       |     1 |       ||     1
Evoke: Wand              |       |       |       |    11 |    13 |     4 ||    28
  Use: Scroll            |     4 |    10 |     1 |     5 |    20 |     3 ||    43
       Potion            |       |     5 |     1 |     2 |     3 |     1 ||    12
 Stab: Sleeping          |     3 |       |       |       |    13 |       ||    16
       Distracted        |       |       |       |       |     5 |       ||     5
  Eat: Chunk             |     1 |     6 |     5 |    10 |    11 |       ||    33
       Ration            |       |       |       |     2 |     4 |       ||     6
Armor: Robe              |    11 |       |       |       |       |       ||    11
       Ring mail         |     8 |    19 |       |       |   166 |    12 ||   205
       Chain mail        |       |    64 |    83 |   147 |       |       ||   294
Dodge: Dodged            |    57 |    69 |    89 |   268 |   292 |    46 ||   821
       Deflected         |       |       |       |       |     5 |     2 ||     7
Block: Buckler           |    11 |    34 |    64 |   189 |       |       ||   298
       Large shield      |       |       |       |    21 |   885 |    94 ||  1000

Table legend:
 A = Non-vault XP
 B = Vault XP
 C = Vault XP percentage of total XP
 D = Non-vault monster count
 E = Vault monster count
 F = Vault count percentage of total count
                 A         B        C        D         E       F
            +---------+---------+-------+---------+---------+-------
      Total |   98159 |   65976 |  40.2 |     597 |     254 |  29.8
            +---------+---------+-------+---------+---------+-------
        D:1 |      38 |       0 |   0.0 |      22 |       0 |   0.0
        D:2 |     108 |       3 |   2.7 |      28 |       1 |   3.4
        D:3 |     132 |       0 |   0.0 |      27 |       0 |   0.0
        D:4 |     446 |       0 |   0.0 |      20 |       0 |   0.0
        D:5 |     964 |    1010 |  51.2 |      23 |      12 |  34.3
        D:6 |     232 |     832 |  78.2 |       9 |      10 |  52.6
        D:7 |     841 |    1044 |  55.4 |      14 |       1 |   6.7
        D:8 |    2342 |    1161 |  33.1 |      32 |      18 |  36.0
        D:9 |     788 |     220 |  21.8 |      22 |       1 |   4.3
       D:10 |    3782 |    1893 |  33.4 |      34 |      27 |  44.3
       D:11 |    4019 |    2724 |  40.4 |      27 |       8 |  22.9
       D:12 |    2572 |       0 |   0.0 |      25 |       0 |   0.0
       D:13 |    4774 |    1999 |  29.5 |      33 |       5 |  13.2
       D:14 |   10532 |    2642 |  20.1 |      39 |      28 |  41.8
       D:15 |   10616 |    5707 |  35.0 |      28 |       5 |  15.2
     Lair:1 |    4370 |    2432 |  35.8 |      22 |       4 |  15.4
     Lair:2 |     902 |     223 |  19.8 |       4 |       1 |  20.0
     Lair:3 |    5555 |     779 |  12.3 |      18 |       2 |  10.0
     Lair:4 |    5615 |    1429 |  20.3 |      23 |       4 |  14.8
     Lair:5 |    8559 |    1018 |  10.6 |      37 |       5 |  11.9
     Lair:6 |   15312 |   12179 |  44.3 |      45 |      37 |  45.1
      Orc:1 |    5801 |    8243 |  58.7 |      25 |      14 |  35.9
      Orc:2 |    2710 |    7583 |  73.7 |      28 |      41 |  59.4
   Depths:1 |    7149 |    9020 |  55.8 |      12 |      20 |  62.5
   Gauntlet |       0 |    3835 | 100.0 |       0 |      10 | 100.0
            +---------+---------+-------+---------+---------+-------
